 Dungeon Crawl Stone Soup version 0.22.0-36-g8e74550 (webtiles) character file.

735 Folque the Sneak (level 7, -13/60 HPs)
             Began as a Naga Enchanter on Aug 24, 2018.
             Mangled by an ogre
             ... wielding a +0 giant club
              (27 damage)
             ... on level 5 of the Dungeon.
             The game lasted 00:32:10 (5605 turns).

Folque the Sneak (Naga Enchanter)                   Turns: 5605, Time: 00:32:10

Health: -13/60     AC:  3    Str: 10    XL:     7   Next: 74%
Magic:  4/19       EV: 11    Int: 16    God:
Gold:   259        SH:  0    Dex: 17    Spells: 4/10 levels left

rFire    . . .     SeeInvis +   l - +4 spear (venom)
rCold    . . .     Gourm    .   (no shield)
rNeg     . . .     Faith    .   b - +0 robe
rPois    +         Spirit   .   (no helmet)
rElec    .         Reflect  .   (no cloak)
rCorr    .         Harm     .   (no gloves)
MR       .....                  (no barding)
Stlth    +++.......             (no amulet)
HPRegen  0.20/turn              s - +4 ring of dexterity
MPRegen  0.16/turn              y - ring of magical power

@: very slightly contaminated, very slow
A: large, see invisible, deformed body, poison resistance, slowness 2, slow
metabolism 1, spit poison 1, AC +2
a: Spit Poison


You were on level 5 of the Dungeon.
You were hungry.

You visited 1 branch of the dungeon, and saw 5 of its levels.

You collected 259 gold pieces.

Inventory:

Hand Weapons
 a - a +1 dagger
 l - a +4 spear of venom (weapon)
Missiles
 g - 7 needles of sleeping
 j - 22 poisoned needles
Armour
 b - a +0 robe (worn)
 p - a +1 ring mail of cold resistance
Jewellery
 h - an uncursed ring of ice {unknown}
 s - a +4 ring of dexterity (left hand)
 y - a ring of magical power (right hand)
 B - the ring of Moral Flaws {MP-9 Str+5 Int+3 SInv}
   (You found it on level 5 of the Dungeon)

   [ring of strength]

   It affects your strength (+5).
   It affects your intelligence (+3).
   It affects your magic capacity (-9).
   It lets you see invisible.
Wands
 e - a wand of acid (6)
Scrolls
 f - a scroll of teleportation
 r - 2 scrolls of enchant weapon {unknown}
 t - a scroll of identify
 v - a scroll of magic mapping {unknown}
 w - 2 scrolls of remove curse
Potions
 c - a potion of agility {unknown}
 i - 2 potions of mutation {unknown}
 k - a potion of heal wounds {unknown}
 m - 3 potions of curing
 n - 2 potions of flight {unknown}
 o - a potion of ambrosia {unknown}
 q - 3 potions of magic {unknown}
 u - a potion of brilliance {unknown}
 x - a potion of invisibility {unknown}
 z - a potion of might {unknown}
Comestibles
 d - 12 rations
 A - 2 chunks of flesh


   Skills:
 * Level 2.1 Fighting
 - Level 1.0 Short Blades
 - Level 3.0 Dodging
 - Level 6.1 Stealth
 - Level 2.0 Spellcasting
 - Level 3.3 Conjurations
 + Level 5.7 Hexes
 + Level 2.6 Ice Magic


You had 4 spell levels left.
You knew the following spells:

 Your Spells              Type           Power        Failure   Level  Hunger
a - Corona                Hex            ###....      1%          1    #......
b - Ensorcelled Hibernat  Hex/Ice        ##....       6%          2    ###....
c - Dazzling Spray        Conj/Hex       ###...       10%         3    ###....

Your spell library contained the following spells:

 Spells                   Type           Power        Failure   Level  Hunger
 Confusing Touch          Hex            ###...       1%          1    #......
 Confuse                  Hex            ###.....     6%          3    ###....
 Tukima's Dance           Hex            ###.....     6%          3    ###....
 Animate Skeleton         Necr           N/A          21%         1    #......
 Apportation              Tloc           #.....       21%         1    #......
 Summon Small Mammal      Summ           #...         21%         1    #......


Dungeon Overview and Level Annotations

Branches:
Dungeon (5/15)
 Temple: D:4-7

Altars:
Gozag
Okawaru


Innate Abilities, Weirdness & Mutations

You cannot wear boots.
Your serpentine skin is tough. (AC +2)
You have supernaturally acute eyesight. (SInv)
Armour fits poorly on your strangely shaped body.
Your system is resistant to poisons. (rPois)
You cover ground very slowly.
You have a slow metabolism.
You can spit poison.


Message History

You reach to attack!
The helpless ogre fails to defend itself.
You puncture the ogre!
The ogre is moderately wounded.
The ogre hits you with a giant club!
* * * LOW HITPOINT WARNING * * *
Casting: Ensorcelled Hibernation (safe; 6% risk of failure)
Confirm with . or Enter, or press ? or * to list all spells.
Aiming: Ensorcelled Hibernation (safe; 6% risk of failure)
Press: ? - help, Shift-Dir - straight line, f/p - ogre
Aim: an ogre, wielding a giant club (moderately wounded, not susceptible)
You miscast Ensorcelled Hibernation.
Nothing appears to happen.
You are feeling hungry.
Casting: Ensorcelled Hibernation (safe; 6% risk of failure)
Confirm with . or Enter, or press ? or * to list all spells.
Aiming: Dazzling Spray (safe; 10% risk of failure)
Press: ? - help, Shift-Dir - straight line, f/p - ogre
Aim: an ogre, wielding a giant club (moderately wounded)
The spray of energy misses the ogre.
The ogre hits you with a giant club!!
You die...

## .. #. #.
################# ##.##
#.@.............#
####...####O#############.#
#.......†...# #.###
#.##...###### #....
##......... #####
#.##..#### .... .. ..# ####
#.. ?# ## ... .# ##.


You could see an ogre.

Vanquished Creatures
  2 ogres
  A phantom (D:4)
  A jelly (D:5)
  4 hounds (D:5)
  A centaur zombie (D:5)
  An iguana (D:5)
  3 worker ants
  9 gnolls
  5 adders
  An ooze (D:1)
  2 adder skeletons (D:4)
  4 leopard geckos
  An orc (D:4)
  3 giant cockroaches
  4 goblins
  5 hobgoblins
  6 jackals
  7 kobolds
  A ball python (D:2)
  A ball python skeleton (D:4)
  10 bats
  2 frilled lizards
  A leopard gecko skeleton (D:4)
  10 rats
85 creatures vanquished.

Notes
Turn   | Place    | Note
-------+----------+-------------------------------------------
     0 | D:1      | Folque the Naga Enchanter began the quest for the Orb.
     0 | D:1      | Reached XP level 1. HP: 15/15 MP: 3/3
   121 | D:1      | Reached skill level 5 in Stealth
   121 | D:1      | Reached XP level 2. HP: 4/22 MP: 0/5
   431 | D:1      | Learned a level 2 spell: Ensorcelled Hibernation
   846 | D:1      | Found an iron altar of Okawaru.
   854 | D:1      | Reached XP level 3. HP: 28/28 MP: 4/6
   880 | D:1      | Reached skill level 6 in Stealth
  1028 | D:1      | Learned a level 3 spell: Dazzling Spray
  1428 | D:2      | Reached skill level 1 in Ice Magic
  1546 | D:2      | Reached XP level 4. HP: 17/36 MP: 0/7
  1995 | D:2      | Learned a level 1 spell: Confusing Touch
  3303 | D:4      | Noticed an ogre
  3624 | D:3      | Killed an ogre
  3624 | D:3      | Reached skill level 1 in Conjurations
  3624 | D:3      | Reached XP level 5. HP: 42/42 MP: 2/8
  3723 | D:4      | Noticed a phantom
  3765 | D:4      | Killed a phantom
  3765 | D:4      | Reached XP level 6. HP: 8/49 MP: 2/9
  4858 | D:4      | Reached skill level 5 in Hexes
  4858 | D:4      | Reached XP level 7. HP: 52/55 MP: 10/10
  5173 | D:5      | Entered Level 5 of the Dungeon
  5199 | D:5      | Got a flickering granite ring
  5203 | D:5      | Identified the ring of Moral Flaws {MP-9 Str+5 Int+3 SInv} (You found it on level 5 of the Dungeon)
  5336 | D:5      | Found an opulent altar of Gozag.
  5387 | D:5      | Reached skill level 1 in Fighting
  5605 | D:5      | Mangled by an ogre

Skill      XL: |  1  2  3  4  5  6  7 |
---------------+----------------------+-----
Stealth        | 5 6 |  6.1
Ice Magic      | 1 2 |  2.6
Dodging        | 2 3 |  3.0
Conjurations   | 1 2 3 |  3.3
Hexes          | 4 5 |  5.7
Fighting       | 2 |  2.1
Short Blades   | |  1.0
Spellcasting   | |  2.0

Action                   |  1- 3 |  4- 6 |  7- 9 || total
-------------------------+-------+-------+-------++-------
Melee: Dagger            |    59 |       |       ||    59
       Spear             |    21 |   128 |    38 ||   187
 Cast: Corona            |    16 |     5 |     8 ||    29
       Ensorcelled Hiber |     5 |    12 |    12 ||    29
       Dazzling Spray    |       |     7 |     1 ||     8
       Confusing Touch   |       |     1 |       ||     1
 Abil: Spit Poison       |     1 |     1 |       ||     2
  Use: Potion            |     1 |     4 |       ||     5
       Scroll            |     5 |     6 |     1 ||    12
 Stab: Sleeping          |    10 |    20 |     7 ||    37
       Invisible         |       |     2 |       ||     2
       Distracted        |       |     1 |       ||     1
  Eat: Chunk             |     2 |    10 |     3 ||    15
Armor: Robe              |    13 |    11 |     5 ||    29
       Ring mail         |     9 |       |       ||     9
Dodge: Dodged            |    50 |    58 |    25 ||   133
